 Dungeon Crawl Stone Soup version 0.22-a0-348-gd16d139 (webtiles) character file.

30 xccam the Skirmisher (level 3, -2/35 HPs)
             Began as a Gnoll Wanderer on Apr 7, 2018.
             Slain by a gnoll
             ... wielding a +0 halberd
              (10 damage)
             ... on level 1 of the Dungeon.
             The game lasted 00:01:17 (661 turns).

xccam the Skirmisher (Gnoll Wanderer)                Turns: 661, Time: 00:01:17

Health: -2/35      AC:  2    Str: 14    XL:     3   Next: 20%
Magic:  6/6        EV: 11    Int: 15    God:
Gold:   11         SH:  0    Dex: 14    Spells: 3/3 levels left

rFire    . . .     SeeInvis .   a - +2 hand axe
rCold    . . .     Gourm    .   (no shield)
rNeg     . . .     Faith    .   d - +0 robe
rPois    .         Spirit   .   (no helmet)
rElec    .         Reflect  .   (no cloak)
rCorr    .         Harm     .   (no gloves)
MR       .....                  (no boots)
Stlth    ++........             (no amulet)
HPRegen  0.11/turn              (no ring)
MPRegen  0.10/turn              (no ring)

@: no status effects
A: distributed training, fangs 1, strong nose
a: no special abilities


You were on level 1 of the Dungeon.
You were not hungry.

You visited 1 branch of the dungeon, and saw 1 of its levels.

You collected 11 gold pieces.

Inventory:

Hand Weapons
 a - a +2 hand axe (weapon)
 b - a +0 spear
Armour
 d - a +0 robe (worn)
Wands
 c - a wand of random effects (15)
Scrolls
 e - a scroll of enchant weapon {unknown}
 g - a scroll of amnesia {unknown}
 h - a scroll of remove curse {unknown}
 i - a scroll of enchant armour {unknown}
Potions
 j - a potion of berserk rage {unknown}
Comestibles
 f - a ration


   Skills:
 + Level 6.5 Fighting
 + Level 0.6 Short Blades
 + Level 0.6 Long Blades
 + Level 4.5 Axes
 + Level 0.6 Maces & Flails
 + Level 0.6 Polearms
 + Level 0.6 Staves
 + Level 0.6 Slings
 + Level 0.6 Bows
 + Level 0.6 Crossbows
 + Level 0.6 Throwing
 + Level 4.5 Armour
 + Level 0.6 Dodging
 + Level 0.6 Stealth
 + Level 0.6 Shields
 + Level 2.5 Unarmed Combat
 + Level 0.6 Spellcasting
 + Level 0.4 Conjurations
 + Level 0.4 Hexes
 + Level 0.4 Charms
 + Level 0.4 Summonings
 + Level 0.4 Necromancy
 + Level 0.4 Translocations
 + Level 0.4 Transmutations
 + Level 0.4 Fire Magic
 + Level 0.4 Ice Magic
 + Level 0.4 Air Magic
 + Level 0.4 Earth Magic
 + Level 0.4 Poison Magic
 + Level 0.8 Invocations
 + Level 4.5 Evocations


You had 3 spell levels left.
You didn't know any spells.

Dungeon Overview and Level Annotations

Branches:
Dungeon (1/15)

Altars:


Innate Abilities, Weirdness & Mutations

Your experience applies equally to all skills.
You have very sharp teeth.
Your uncanny sense of smell can sniff out nearby items.


Message History

You slash the dart slug!
You kill the dart slug!
You hit the hobgoblin.
The hobgoblin is severely wounded.
The hobgoblin barely misses you.
You slash the hobgoblin!
You kill the hobgoblin!
The gnoll barely misses you.
You barely miss the gnoll. The gnoll hits you with a halberd!
You hit the gnoll.
The gnoll is moderately wounded.
The gnoll hits you with a halberd!
* * * LOW HITPOINT WARNING * * *
You are too injured to fight recklessly!
You are too injured to fight recklessly!
You are too injured to fight recklessly!
You hit the gnoll.
The gnoll is severely wounded.
The gnoll hits you with a halberd!
You die...

##### #...#
#..........# #...#
#..........# ....##
#..........# .....#
...........# #....##
#.........!# #.....#
#..........#
#...#>####.....g....#
............>...@...#
.#.##..#####+###'####
.#.##..## #.# #.#
.#......####.###.#
.#...............#
.#..###..###.#####
.##.# ##.# #.# ....#
#.# #.#
###.####.###.#


You could see a gnoll.

Vanquished Creatures
  3 dart slugs (D:1)
  A leopard gecko (D:1)
  A ball python (D:1)
  3 bats (D:1)
  A goblin (D:1)
  3 hobgoblins (D:1)
  5 kobolds (D:1)
  3 frilled lizards (D:1)
  3 rats (D:1)
23 creatures vanquished.

Notes
Turn   | Place    | Note
-------+----------+-------------------------------------------
     0 | D:1      | xccam the Gnoll Wanderer began the quest for the Orb.
     0 | D:1      | xccam set off with: a +2 hand axe, a +0 spear, a wand of random effects (15), a +0 robe, a ration
     0 | D:1      | Reached XP level 1. HP: 23/23 MP: 3/3
    59 | D:1      | Reached XP level 2. HP: 26/29 MP: 5/5
   555 | D:1      | Reached XP level 3. HP: 34/35 MP: 6/6
   661 | D:1      | Slain by a gnoll

Vault maps used:
D:1:      dpeg_arrival_pond, corexii_item_surrounded_by_moat

Action                   || total
-------------------------++-------
Melee: Hand axe          ||    51
       Bite              ||     5
 Stab: Sleeping          ||     1
Armor: Robe              ||     7
Dodge: Dodged            ||    27

Table legend:
 A = Spawn XP
 B = Non-spawn XP
 C = Spawn XP percentage of total XP
 D = Spawn monster count
 E = Non-spawn monster count
 F = Spawn count percentage of total count
 G = Total turns spent on level
                    A         B        C        D         E        F      G
               +---------+---------+-------+---------+---------+-------+---------
         Total |       0 |      44 |   0.0 |       0 |      23 |   0.0 |   661
               +---------+---------+-------+---------+---------+-------+---------
           D:1 |       0 |      44 |   0.0 |       0 |      23 |   0.0 |   661
               +---------+---------+-------+---------+---------+-------+---------
